 Dungeon Crawl Stone Soup version 0.30.0 (webtiles) character file.

Game seed: 4168465956536329456

471 Ayyar the Trooper (level 7, -5/54 HPs)
             Began as a Human Berserker on Nov 12, 2023.
             Was a Believer of Trog.
             Slain by Prince Ribbit (13 damage)
             ... on level 5 of the Dungeon.
             The game lasted 00:16:06 (3603 turns).

Ayyar the Trooper (Human Berserker)                 Turns: 3603, Time: 00:16:07

Health: -5/54      AC:  8    Str: 19    XL:     7   Next: 31%
Magic:  7/7        EV: 10    Int:  8    God:    Trog [**....]
Gold:   60         SH:  4    Dex: 12    Spells: 6/6 levels left

rFire   . . .        a - +0 hand axe
rCold   . . .        n - +0 buckler
rNeg    . . .        x - +0 scale mail
rPois   .            (no helmet)
rElec   .            (no cloak)
rCorr   .            (no gloves)
SInv    +            s - +0 pair of boots
Will    .....        (no amulet) Stlth
                     d - ring of see invisible
HPRegen 0.29/turn    (no ring)
MPRegen 0.10/turn

%: no passive effects
@: mighty, on berserk cooldown, attractive
A: no striking features
a: Renounce Religion, Berserk, Trog's Hand


You were on level 5 of the Dungeon.
You worshipped Trog.
Trog was pleased with you.
You visited 1 branch of the dungeon, and saw 5 of its levels.

You collected 184 gold pieces.
You spent 124 gold pieces at shops.

Inventory:

Hand Weapons
 a - a +0 hand axe (weapon)
Missiles
 i - 3 poisoned darts (quivered)
 r - a throwing net
Armour
 n - a +0 buckler (worn)
 s - a +0 pair of boots (worn)
 x - a +0 scale mail (worn)
Jewellery
 b - an amulet of guardian spirit
 d - a ring of see invisible (left hand)
 k - a ring of flight
Wands
 l - a wand of polymorph (3)
Scrolls
 g - 5 scrolls of identify
 h - a scroll of vulnerability {unknown}
 m - a scroll of fog {unknown}
 o - 2 scrolls of enchant armour {unknown}
 p - a scroll of enchant weapon {unknown}
 t - 3 scrolls of teleportation {unknown}
 u - a scroll of summoning {unknown}
 v - a scroll of immolation {unknown}
Potions
 c - a potion of curing
 e - a potion of might
 f - 3 potions of flight
 j - a potion of attraction
 q - a potion of mutation {unknown}
 w - a potion of haste


   Skills:
 + Level 4.2 Fighting
 + Level 4.2 Axes
 + Level 2.5 Throwing
 + Level 3.6 Armour
 + Level 3.6 Dodging
 + Level 1.6 Shields


You had 6 spell levels left.
You didn't know any spells.
Your spell library was empty.

Dungeon Overview and Level Annotations

Branches:
Dungeon (5/15)
 Temple: D:4-7

Altars:
Ashenzari
Xom

Shops:
D:3 [!*(

Annotations:
D:5 Prince Ribbit


Message History

Prince Ribbit is moderately wounded.
Your skin stops crawling.
You feel less strong-willed. Prince Ribbit closely misses you.
Prince Ribbit hits you.
You hit Prince Ribbit.
Prince Ribbit is moderately wounded.
Prince Ribbit misses you. Prince Ribbit hits you. Prince Ribbit hits you!
You are too injured to fight recklessly!
You are too injured to fight recklessly!
You are too injured to fight recklessly!
You are too injured to fight recklessly!
You miss Prince Ribbit.
Prince Ribbit is moderately wounded.
Prince Ribbit hits you!
* * * LOW HITPOINT WARNING * * *
Prince Ribbit hits you but does no damage.
You feel very mighty all of a sudden. Prince Ribbit hits you.
* * * LOW HITPOINT WARNING * * *
Prince Ribbit hits you!
* * * LOW HITPOINT WARNING * * *
You slash Prince Ribbit!
Prince Ribbit is heavily wounded.
You block Prince Ribbit's attack.
Prince Ribbit hits you but does no damage.
Prince Ribbit blinks!
It was a potion of curing.
You feel better.
It was a potion of attraction.
You feel attractive to monsters. Prince Ribbit barely misses you.
You closely miss Prince Ribbit.
Prince Ribbit is heavily wounded.
Prince Ribbit blinks!
Prince Ribbit is attracted toward you.
You slash Prince Ribbit!
Prince Ribbit is severely wounded.
You feel yourself speed up.
Prince Ribbit blinks! x2; Prince Ribbit is attracted toward you.
You miss Prince Ribbit.
Prince Ribbit is severely wounded.
Prince Ribbit hits you!
You die...

#...#######)..(...((..
[.. ##(####..### .
#...##..#
#.#.##..#####
#######...........#
#.................#
#......#..........#
#......#....<.....#
#§...@.........####
#....F.#########
#......# #....§.#
#......# ########


You could see Prince Ribbit.

Vanquished Creatures
  An ogre (D:5)
  A scorpion (D:5)
  2 orc priests
  A jelly (D:5)
  Natasha (thrice) (D:2)
  4 adders
  A shadow imp (D:5)
  A worm (D:4)
  4 dart slugs
  18 orcs
  9 ball pythons
  A bat (D:1)
  4 endoplasms
  9 giant cockroaches
  3 goblins (D:1)
  6 hobgoblins
  11 jackals
  8 kobolds
  2 quokkas
  3 frilled lizards (D:1)
  5 rats
97 creatures vanquished.

Notes
Turn   | Place    | Note
-------+----------+-------------------------------------------
     0 | D:1      | Ayyar the Human Berserker began the quest for the Orb.
     0 | D:1      | Reached XP level 1. HP: 18/18 MP: 1/1
   133 | D:1      | Reached XP level 2. HP: 20/24 MP: 2/2
   345 | D:1      | Reached XP level 3. HP: 24/29 MP: 3/3
   628 | D:1      | Reached ** piety under Trog
  1239 | D:2      | Noticed Natasha
  1258 | D:2      | Killed Natasha
  1259 | D:2      | Reached XP level 4. HP: 22/35 MP: 4/4
  1365 | D:2      | Noticed Natasha
  1375 | D:2      | Killed Natasha
  1376 | D:2      | Reached skill level 1 in Throwing
  1434 | D:2      | Reached XP level 5. HP: 24/41 MP: 5/5
  1649 | D:2      | Noticed Natasha
  1677 | D:2      | Killed Natasha
  1946 | D:3      | Found a faded altar of an unknown god.
  2148 | D:3      | Found Jutiekhavy's Armour Shop.
  2186 | D:3      | Reached XP level 6. HP: 48/48 MP: 6/6
  2518 | D:3      | Found a broken altar of Ashenzari.
  2575 | D:3      | Found Qosur's General Store.
  2592 | D:3      | Bought a scroll of identify for 24 gold pieces
  2597 | D:3      | Found Ynuah's Weapon Shop.
  2644 | D:3      | Found Xoheoxit's Distillery.
  2652 | D:3      | Bought a potion of haste for 100 gold pieces
  2896 | D:4      | Reached skill level 1 in Shields
  3010 | D:4      | Found a shimmering altar of Xom.
  3011 | D:4      | Found a shimmering altar of Xom.
  3213 | D:5      | Entered Level 5 of the Dungeon
  3310 | D:5      | Reached XP level 7. HP: 42/54 MP: 7/7
  3565 | D:5      | Noticed Prince Ribbit
  3597 | D:5      | HP: 1/54 [Prince Ribbit (9)]
  3603 | D:5      | Slain by Prince Ribbit

Illustrated notes

Levels and vault maps discovered:
D:1:      ncdulo_watergridlock, layout_loops_ring
D:2:      layout_loops_ring, uniq_natasha
D:3:      layout_basic, cheibrodos_ashenzari_chains,
          nicolae_ecumenical_snake_handling, serial_shops,
          nicolae_shop_tiny_statue_garden, shop, shop, shop_fountains,
          minivault_11, minivault_24, chequers_serial_rivers_micro_e
D:4:      layout_cave_pools, xom_redecorated
D:5:      layout_rooms, mainiacjoe_overflow_two_lobes, uniq_duvessa,
          uniq_prince_ribbit1

Skill      XL: |  1  2  3  4  5  6 |
---------------+-------------------+-----
Throwing       | 1 2 |  2.5
Armour         | 3 |  3.6
Dodging        | 3 |  3.6
Axes           | 4 |  4.2
Shields        | 1 |  1.6
Fighting       | 4 |  4.2

Action                     |  1- 3 |  4- 6 |  7- 9 || total
---------------------------+-------+-------+-------++-------
  Melee: Hand axe          |   125 |   194 |    29 ||   348
         Punch             |       |     2 |       ||     2
         Unarmed           |       |     1 |       ||     1
  Throw: Dart              |     3 |    18 |     3 ||    24
         Throwing net      |       |       |     1 ||     1
 Invoke: Berserk           |     1 |     6 |     2 ||     9
         Trog's Hand       |       |     6 |     2 ||     8
    Use: Scroll            |       |     2 |       ||     2
         Potion            |       |       |     3 ||     3
   Stab: Sleeping          |     1 |       |       ||     1
 Armour: Animal skin       |    27 |    12 |       ||    39
         Skin              |       |     2 |       ||     2
         Scale mail        |       |    34 |     8 ||    42
  Dodge: Dodged            |    88 |   120 |     8 ||   216
  Block: Buckler           |       |    22 |     4 ||    26
